 Dungeon Crawl Stone Soup version 0.27.1-1-g398f81649c (webtiles) character file.

Game seed: 2274307827237740106

2097 ABBCCCDDDD the Caller (level 9, -6/94 HPs)
             Began as an Octopode Summoner on Sept 8, 2021.
             Was a Believer of Elyvilon.
             Succumbed to a killer bee's poison
             ... on level 7 of the Dungeon.
             The game lasted 00:26:35 (11138 turns).

ABBCCCDDDD the Caller (Octopode Summoner)          Turns: 11138, Time: 00:26:35

Health: -6/94      AC: 24    Str:  7    XL:     9   Next: 28%
Magic:  0/15       EV:  2    Int: 20    God:    Elyvilon [**....]
Gold:   75         SH:  0    Dex: 13    Spells: 12/16 levels left

rFire    . . .     SeeInvis +   e - +1 dagger (speed)
rCold    + . .     Faith    .   (no shield)
rNeg     + + +     Spirit   +   (helmet currently unavailable)
rPois    +         Reflect  .   f - amulet of guardian spirit
rElec    .         Harm     .   u - ring of protection from cold
rCorr    .         Rampage  .   x - ring of willpower
Will     +....     NoTele   +   z - ring of see invisible
Stlth    +++.......             (no ring)
HPRegen  0.25/turn              (no ring)
MPRegen  0.14/turn              (no ring)
                                (no ring)
                                (no ring)

@: lethally poisoned (-6 -> -42), tree-form
A: stationary, stasis, torment immunity, boosted hp, almost no armour,
(amphibious), 8 rings, (camouflage 1), (gelatinous body 1), (nimble swimmer 1),
(tentacles)
a: Renounce Religion, Lesser Healing, Heal Other, Divine Protection


You were on level 7 of the Dungeon.
You worshipped Elyvilon.
Elyvilon was pleased with you.
You were a tree.
You visited 1 branch of the dungeon, and saw 7 of its levels.
You also visited: Sewer.

You collected 156 gold pieces.
You spent 81 gold pieces at shops.

Inventory:

Hand Weapons
 c - a +1 vorpal spear
 e - a +1 dagger of speed (weapon)
 l - a +0 trident
Missiles
 q - 32 poisoned darts (quivered)
Jewellery
 f - an amulet of guardian spirit (around neck)
 u - a ring of protection from cold (left branch)
 x - a ring of willpower (right branch)
 z - a ring of see invisible (on tentacle)
Wands
 y - a wand of flame (15)
Scrolls
 b - a scroll of vulnerability
 h - 2 scrolls of blinking
 i - 3 scrolls of teleportation
 k - 3 scrolls of amnesia
 n - a scroll of brand weapon
 r - a scroll of enchant armour
 s - a scroll of fear {unknown}
 t - 3 scrolls of enchant weapon {unknown}
 w - 2 scrolls of noise {unknown}
Potions
 a - a potion of brilliance {unknown}
 d - 2 potions of might {unknown}
 g - a potion of lignification
 j - 2 potions of flight
 m - 2 potions of attraction {unknown}
 o - 2 potions of resistance {unknown}
 p - a potion of haste {unknown}
 v - a potion of curing {unknown}


   Skills:
 + Level 6.6 Fighting
 - Level 3.4 Dodging
 - Level 5.0 Stealth
 - Level 4.0 Spellcasting
 + Level 6.6 Summonings
 + Level 3.9 Invocations
 - Level 5.0 Evocations


You had 12 spell levels left.
You knew the following spells:

 Your Spells              Type           Power      Damage    Failure   Level
a - Summon Small Mammal   Summ           100%       N/A       1%          1
b - Call Canine Familiar  Summ           30%        N/A       2%          3

Your spell library contained the following spells:

 Spells                   Type           Power      Damage    Failure   Level
 Call Imp                 Summ           30%        N/A       1%          2
 Summon Guardian Golem    Hex/Summ       17%        N/A       10%         3
 Beastly Appendage        Tmut           8%         N/A       13%         1
 Slow                     Hex            4%         N/A       19%         2
 Wereblood                Tmut           4%         N/A       19%         2
 Summon Lightning Spire   Summ/Air       17%        N/A       32%         4
 Confusing Touch          Hex            4%         N/A       36%         3
 Spider Form              Tmut/Pois      2%         N/A       36%         3
 Vampiric Draining        Necr           2%         2d6       36%         3
 Airstrike                Air            2%         N/A       77%         4
 Fulminant Prism          Conj/Hex       2%         3d6       77%         4
 Iskenderun's Mystic Bla  Conj/Tloc      4%         2d3       77%         4
 Olgreb's Toxic Radiance  Pois           4%         N/A       77%         4
 Lee's Rapid Deconstruct  Erth           2%         3d5*      98%         5
 Lightning Bolt           Conj/Air       2%         1d13      98%         5
 Ozocubu's Refrigeration  Ice            2%         4d5       100%        7
 Ignition                 Fire           2%         3d3       100%        8
 Chain Lightning          Conj/Air       2%         3d2       100%        9
 Fire Storm               Conj/Fire      2%         8d1       100%        9


Dungeon Overview and Level Annotations

Branches:
Dungeon (7/15)             Temple (0/1) D:7           Sewer (visited)

Altars:
Dithmenos
Elyvilon
Hepliaklqana
Qazlal
Wu Jian
Xom
Yredelemnul

Shops:
D:5 *

Annotations:
D:5 1 runed translucent door
D:6 exclusion: 3 downstairs


Innate Abilities, Weirdness & Mutations

You are a tree.
Your roots penetrate the ground, keeping you stationary.
You cannot be teleported.
You are immune to unholy pain and torment.
Your maximum health is greatly increased.
You cannot wear most types of armour.
((You are amphibious.))
You can wear up to eight rings at the same time.
((Your skin changes colour to match your surroundings (Stealth+).))
((Your rubbery body absorbs attacks. (AC +1, EV +1)))
((You are camouflaged near water. (Stealth+)))
((You have tentacles for arms and can constrict up to eight enemies at once.))


Message History

The killer bee stings your hound but does no damage.
The killer bee closely misses you.
Your hound bites the killer bee.
The killer bee stings your hound but does no damage.
You hit the killer bee but do no damage.
The killer bee is severely wounded.
You constrict the killer bee, but do no damage.
You feel very sick. The killer bee stings you.
You are more poisoned.
The killer bee poisons you!
The killer bee completely misses your hound.
Your hound bites the killer bee.
The killer bee stings you!
As you read the scroll of teleportation, it crumbles to dust.
You feel strangely unstable.
You constrict the killer bee.
You feel very sick. The killer bee stings your hound!
The killer bee stings you.
You are lethally poisoned!
The killer bee poisons you!
Your hound bites the killer bee.
The killer bee stings your hound but does no damage.
The killer bee stings you!
* * * LOW HITPOINT WARNING * * *
You are more poisoned.
The killer bee poisons you!
It was a potion of flight.
You feel very buoyant.
You fly up into the air.
You constrict the killer bee.
* * * LOW HITPOINT WARNING * * *
You feel extremely sick.
The killer bee barely misses your hound.
Your hound closely misses the killer bee.
The killer bee stings you!
* * * LOW HITPOINT WARNING * * *
You are more poisoned.
The killer bee poisons you! The killer bee misses your hound.
Your hound bites the killer bee.
The killer bee closely misses you.
Unknown command.
It was a potion of lignification.
You turn into a tree.
Your roots penetrate the ground.
You feel strangely stable.
You lose your grip on the killer bee.
You die...

##....[..###.##..#
#.#
#..#####.######..#
#.# #..........#
#..# #.#
#..###.###.# #..#
#.# #..# #.#
#.####..# #.#
#..###'###.......#
#.#
#....'_###.#####.#
#.# #..###'###.#
#.# #.# ##.# #♣#
#.# #.####..
#.###y###.#
#......#
#....hy...#
#....###
#####...#.#
#.#...#
#.#...#####...#...
#...........#...##
#####.#####.#...#.
#.# ......#...
###.#.###.#.....


You could see 2 killer bees and a friendly hound (summoned, very poisoned).

Levels and vault maps discovered:
D:1:      dpeg_arrival_subterranean_lakeside_camping, layout_basic,
          shapermc_ecumenical_altar_mp_vishouse
D:2:      layout_basic, basic_altar, serial_bayou_lagoon_a,
          kennysheep_generic_room_9, uniq_robin, uniq_jessica
D:3:      layout_loops_ring, chequers_serial_rivers_room_b
D:4:      layout_gridville, nicolae_elyvilon_peaceful_grove,
          overflow_temple_1_default, minivault_26
D:5:      layout_basic, nzn_hepliaklqana_mist_gate, dk_yredelemnul_ordeal,
          serial_shops, kennysheep_mini_moat, portal_sewer_entry_b
D:6:      layout_rooms, mainiacjoe_overflow_boulevard,
          minmay_hollow_rounded_squares
D:7:      layout_loops_ring, kennysheep_little_box, lemuel_doored_altar,
          minmay_temple_entry_ruins, grunt_ministairs_10

Notes
Turn   | Place    | Note
-------+----------+-------------------------------------------
     0 | D:1      | ABBCCCDDDD the Octopode Summoner began the quest for the
                  | Orb.
     0 | D:1      | Reached XP level 1. HP: 11/11 MP: 3/3
   553 | D:1      | Reached skill level 1 in Fighting
   553 | D:1      | Reached XP level 2. HP: 18/18 MP: 5/5
   979 | D:1      | Found a faded altar of an unknown god.
  1478 | D:2      | Found a shadowy altar of Dithmenos.
  1505 | D:2      | Noticed Robin
  1551 | D:3      | Reached XP level 3. HP: 16/23 MP: 4/6
  1675 | D:3      | Learned a level 3 spell: Call Canine Familiar
  1919 | D:3      | Noticed an ogre
  2679 | D:2      | Noticed Jessica
  2683 | D:2      | Killed Jessica
  2684 | D:2      | Reached XP level 4. HP: 20/29 MP: 4/7
  3408 | D:2      | Killed Robin
  3686 | D:4      | Reached XP level 5. HP: 35/35 MP: 3/8
  3860 | D:4      | Reached skill level 5 in Summonings
  4414 | D:4      | Found a stormy altar of Qazlal.
  4613 | D:4      | Found a white marble altar of Elyvilon.
  4793 | D:4      | Became a worshipper of Elyvilon the Healer
  4827 | D:5      | Entered Level 5 of the Dungeon
  4836 | D:5      | Noticed a centaur
  4896 | D:5      | Noticed an ogre
  4957 | D:5      | Reached XP level 6. HP: 28/42 MP: 6/10
  5049 | D:5      | Reached skill level 5 in Stealth
  5276 | D:5      | Found a glowing drain.
  5286 | Sewer    | Entered a sewer
  5391 | Sewer    | Noticed Purgy
  5421 | Sewer    | Killed Purgy
  5678 | D:5      | Reached * piety under Elyvilon
  5985 | D:5      | Found a runed translucent door.
  5985 | D:5      | Noticed a human
  5993 | D:5      | Found a basalt altar of Yredelemnul.
  6019 | D:5      | Reached XP level 7. HP: 31/47 MP: 3/12
  6185 | D:5      | Found a hazy altar of Hepliaklqana.
  6201 | D:5      | Found Woahuu Potz's Assorted Antiques.
  6204 | D:5      | Bought an orange potion for 25 gold pieces
  6204 | D:5      | Bought 2 scrolls labelled NEBAGE EJETEDGH for 56 gold
                  | pieces
  6640 | D:6      | Found a large runed translucent door.
  6640 | D:6      | Found a large runed translucent door.
  6648 | D:6      | Noticed a troll
  6655 | D:6      | Found a large runed translucent door.
  6655 | D:6      | Found a large runed translucent door.
  6908 | D:6      | Noticed a hornet
  6936 | D:6      | Killed a hornet
  7083 | D:6      | Reached ** piety under Elyvilon
  7397 | D:6      | Found an ornate altar of the Wu Jian Council.
  7466 | D:6      | Reached XP level 8. HP: 54/54 MP: 10/14
  7548 | D:6      | Reached skill level 5 in Fighting
  8072 | D:6      | Reached skill level 5 in Evocations
  9020 | D:7      | Found a staircase to the Ecumenical Temple.
  9331 | D:6      | Reached skill level 1 in Invocations
  9814 | D:6      | Noticed a komodo dragon
  9842 | D:6      | Killed a komodo dragon
  9843 | D:6      | Reached XP level 9. HP: 62/62 MP: 7/15
 11117 | D:7      | Found a shimmering altar of Xom.
 11137 | D:7      | HP: 1/63 [killer bee (6)]
 11138 | D:7      | Succumbed to a killer bee's poison

Table legend: (Time is in decaauts)
 A = Elapsed time spent in this place.
 B = Non-inter-level travel time spent in this place.
 C = Inter-level travel time spent in this place.
 D = Time resting spent in this place.
 E = Time spent auto-exploring this place.
 F = Levels seen in this place.
 G = Mean time per level.
                   A        B        C        D        E       F      G
               +--------+--------+--------+--------+--------+-----+--------+
         Total |  11041 |  10261 |    780 |   3122 |   4720 |   8 | 1380.1 |
       Dungeon |  10697 |   9917 |    780 |   2968 |   4609 |   7 | 1528.1 |
         Sewer |    344 |    344 |      0 |    154 |    111 |   1 |  344.0 |
               +--------+--------+--------+--------+--------+-----+--------+

Top non-repeatable levels by time:
     D:6: 3199 daAuts
     D:1: 1429 daAuts
     D:4: 1382 daAuts
     D:3: 1373 daAuts
     D:5: 1314 daAuts
     D:2: 1014 daAuts
     D:7: 983 daAuts
   Sewer: 344 daAuts

Table legend:
 A = Kills in this place as a percentage of kills in entire the game.
 B = Kills by you in this place as a percentage of kills by you in the entire game.
 C = Kills by friends in this place as a percentage of kills by friends in the entire game.
 D = Other kills in this place as a percentage of other kills in the entire game.
 E = Experience gained in this place as a percentage of experience gained in the entire game.
 F = Experience gained in this place divided by the number of levels of this place that you have seen.
                   A       B       C       D       E      F
               +-------+-------+-------+-------+-------+----------------------
         Total | 100.0 | 100.0 | 100.0 |   N/A | 100.0 | 374.6
       Dungeon |  95.6 |  95.2 |  97.0 |   N/A |  97.0 | 415.1
         Sewer |   4.4 |   4.8 |   3.0 |   N/A |   3.0 |  91.0
               +-------+-------+-------+-------+-------+----------------------

Action                   |  1- 3 |  4- 6 |  7- 9 || total
-------------------------+-------+-------+-------++-------
Melee: Unarmed           |    43 |       |       ||    43
       Constrict         |    16 |    33 |    15 ||    64
       Tentacles         |     7 |    28 |    28 ||    63
       Dagger            |    48 |   144 |   131 ||   323
Throw: Dart              |       |    10 |    27 ||    37
 Cast: Summon Small Mamm |     6 |    17 |    50 ||    73
       Call Canine Famil |       |    22 |    59 ||    81
Evoke: Wand              |       |     1 |     8 ||     9
  Use: Scroll            |       |     7 |     3 ||    10
       Potion            |       |       |     2 ||     2
 Stab: Sleeping          |    15 |     5 |     2 ||    22
       Distracted        |       |       |     3 ||     3
Armor: Skin              |    10 |     7 |     7 ||    24
Dodge: Dodged            |    55 |    68 |    72 ||   195

Vanquished Creatures
  A komodo dragon (D:6)
  A hornet (D:6)
  A water moccasin (D:7)
  2 black bears (D:6)
  An orc warrior (D:6)
  An ogre (D:3)
  A centaur (D:5)
  A water moccasin zombie (D:6)
  2 scorpions
  3 wights (D:6)
  A centaur zombie (D:6)
  2 centaur skeletons
  A hound (D:7)
  Jessica (D:2)
  An iguana (D:6)
  2 orc wizards
  A hound skeleton (D:4)
  A gnoll (D:5)
  5 adders
  A white imp (D:6)
  A worm (D:2)
  A dart slug (D:4)
  7 orcs
  9 bats
  7 endoplasms
  2 giant cockroaches
  9 hobgoblins
  3 jackals
  3 quokkas (D:2)
  2 ball pythons (D:2)
  A frilled lizard (D:2)
  10 goblins
  A goblin zombie (D:5)
  2 jackal skeletons (D:5)
  9 kobolds
  7 rats
104 creatures vanquished.

Vanquished Creatures (collateral kills)
  Purgy (Sewer)
  An ice beast (D:7)
  4 ogres
  2 bullfrogs (D:7)
  A wyvern zombie (D:7)
  A gnoll sergeant (D:5)
  A bullfrog zombie (D:6)
  5 jellies
  A hound (D:4)
  2 orc wizards (D:6)
  Robin (D:2)
  An adder (D:6)
  4 gnolls
  An adder zombie (D:5)
  3 orcs (D:6)
  3 goblins
  A jackal (D:3)
33 creatures vanquished.

Vanquished Creatures (others)
  4 plants (D:2)
4 creatures vanquished.

Grand Total: 141 creatures vanquished
